 Dungeon Crawl Stone Soup version 0.17.0-56-gd8de76c (console) character file.

63 Kloppie the Ducker (level 3, -2/15 HPs)
             Began as a Felid Ice Elementalist on Dec 5, 2015.
             Slain by a giant newt (3 damage)
             ... in a sewer.
             The game lasted 00:06:05 (3720 turns).

Kloppie the Ducker (Felid Ice Elementalist)         Turns: 3720, Time: 00:06:05

Health: -2/15      AC:  6    Str:  4    XL:     3   Next: 87%
Magic:  4/7        EV: 19    Int: 17    God:
Gold:   64         SH:  0    Dex: 16    Spells: 2 memorised, 2 levels left
                                        Lives:  0   Deaths: 1

rFire  . . .     SeeInvis +     (weapon unavailable)
rCold  . . .     Clarity  .     (armour unavailable)
rNeg   . . .     SustAt   .     (shield unavailable)
rPois  .         Gourm    .     (helmet unavailable)
rElec  .         Spirit   .     (cloak unavailable)
rCorr  .         Warding  .     (gloves unavailable)
rMut   .         Stasis   .     (boots unavailable)
MR     .....                    (no amulet)
Stlth  +.........               (no ring)
                                (no ring)

@: icy armour, drained, quick, not resistant to hostile enchantments, very
unstealthy
A: no armour, no weapons or thrown items, claws 1, fangs 3, see invisible,
carnivore 3, speed 1, shaggy fur 1, slow metabolism 1, sharp paws
a: no special abilities


You were in a sewer.
You were completely stuffed.

You visited 1 branch of the dungeon, and saw 3 of its levels.
You also visited: Sewer.

You collected 64 gold pieces.

Inventory:

Scrolls
 c - 2 scrolls of recharging {unknown}
 d - 3 scrolls of identify {unknown}
 f - a scroll of remove curse {unknown}
 n - a scroll of teleportation {unknown}
Potions
 e - a potion of mutation {unknown}
 g - 2 potions of resistance {unknown}
 h - a potion of curing {unknown}
 i - a potion of heal wounds {unknown}
 k - a potion of lignification {unknown}
 l - a potion of agility {unknown}
 p - 2 potions of invisibility {unknown}
 q - 2 potions of flight {unknown}
Books
 a - a book of Frost

   Spells                             Type                      Level
   a - Freeze                         Ice                          1
   b - Throw Frost                    Conjuration/Ice              2
   c - Ozocubu's Armour               Charms/Ice                   3
   d - Throw Icicle                   Conjuration/Ice              4
   e - Summon Ice Beast               Ice/Summoning                4
   f - Condensation Shield            Ice                          4
Comestibles
 b - 4 meat rations
 j - a beef jerky
 m - 2 slices of pizza
 o - 4 chunks of flesh


   Skills:
 + Level 1.0(0.7) Fighting
 - Level 4.5(4.2) Dodging
 - Level 2.6(2.3) Stealth
 - Level 2.0(1.7) Spellcasting
   Level 0.8(0.5) Conjurations
 + Level 3.9(3.6) Ice Magic


You had 2 spell levels left.
You knew the following spells:

 Your Spells              Type           Power        Failure   Level  Hunger
a - Freeze                Ice            ##..         4%          1    ##.....
b - Ozocubu's Armour      Chrm/Ice       #.......     30%         3    ####...


Dungeon Overview and Level Annotations

Branches:
Dungeon (3/15)

Altars:
Okawaru
Zin

Annotations:
Sewer subsebi's ghost, amateur DsCK


Innate Abilities, Weirdness & Mutations

You cannot wear armour.
You are incapable of wielding weapons or throwing items.
You have sharp claws.
You have razor-sharp teeth.
You have supernaturally acute eyesight.
You are carnivorous and can eat meat at any time.
You cover ground quickly.
You are covered in fur (AC +1).
You have a slow metabolism.
Your sharp claws are effective at attacking unaware monsters.


Message History

Read which item? (? for menu, Esc to quit)
Okay, then.
You enter the shallow water.
Moving in this stuff is going to be slow.
The giant newt bites you.
* * * LOW HITPOINT WARNING * * *
Subsebi's ghost shrieks, "You must not succeed where I failed!"
The giant newt closely misses you. Subsebi's ghost misses you.
The giant newt misses you.
Casting: Freeze
Confirm with . or Enter, or press ? or * to list all spells.
A film of ice covers your body! The giant newt barely misses you.
Subsebi's ghost hits you.
* * * LOW HITPOINT WARNING * * *
You enter the shallow water.
Moving in this stuff is going to be slow.
The giant newt completely misses you. The giant newt bites you.
You die...

≈≈≈.≈. #≈ ≈≈.≈.. #≈≈.# #≈ ≈#####
#≈≈≈# #≈ ≈# #≈≈s# #. ≈# #≈≈≈# #≈
≈#######################≈≈≈#####≈
≈≈.≈..≈≈≈≈≈≈≈≈≈≈.≈≈≈.≈.≈≈.≈≈≈≈≈≈≈
≈≈≈≈≈≈≈≈≈≈≈≈≈≈≈W≈≈≈≈≈≈≈≈≈≈≈≈≈≈≈≈≈
≈≈≈≈.≈..≈≈≈≈≈.≈l@≈≈≈≈.≈≈≈≈≈.≈≈.≈.
#################################


You could see subsebi's ghost and a giant newt.

Vanquished Creatures
  3 adders
  2 oozes
  2 giant geckos
  An orc (D:3)
  2 ball pythons
  6 giant cockroaches
  10 goblins
  2 hobgoblins
  4 kobolds
  A quokka (D:2)
  14 bats
  17 giant newts
  3 rats
67 creatures vanquished.

Notes
Turn   | Place    | Note
--------------------------------------------------------------
     0 | D:1      | Kloppie the Felid Ice Elementalist began the quest for the Orb.
     0 | D:1      | Reached XP level 1. HP: 7/7 MP: 4/4
   198 | D:1      | Reached skill level 3 in Dodging
   287 | D:1      | Reached XP level 2. HP: 11/11 MP: 6/6
  1109 | D:1      | Reached XP level 3. HP: 11/14 MP: 7/7
  1249 | D:1      | Reached skill level 4 in Dodging
  2346 | D:2      | Learned a level 3 spell: Ozocubu's Armour
  2438 | D:2      | Found a glowing silver altar of Zin.
  2636 | D:2      | Reached XP level 4. HP: 18/18 MP: 6/8
  3098 | D:3      | Killed from afar by an orc priest
  3099 | D:3      | Reached XP level 3. HP: -12/14 MP: 5/7
  3157 | D:3      | Found an iron altar of Okawaru.
  3220 | D:3      | Found a glowing drain.
  3414 | Sewer    | Entered a sewer
  3554 | Sewer    | Reached skill level 1 in Fighting
  3692 | Sewer    | Noticed subsebi's ghost (amateur DsCK)
  3720 | Sewer    | Slain by a giant newt

Action                   |  1- 3 |  4- 6 || total
-------------------------+-------+-------++-------
Melee: Unarmed           |    75 |    32 ||   107
 Cast: Freeze            |    64 |     8 ||    72
       Ozocubu's Armour  |     1 |     1 ||     2
 Stab: Sleeping          |    12 |     1 ||    13
  Eat: Chunk             |    18 |     1 ||    19
